 Dungeon Crawl Stone Soup version 0.29.1-1-gd02db6906a (webtiles) character file.

Game seed: 17311991906652919260

24 funnyparkerb the Trooper (level 3, -7/20 HPs)
             Began as a Vine Stalker Monk on Sept 29, 2022.
             Mangled by a gnoll
             ... wielding a +0 whip
              (8 damage)
             ... on level 2 of the Dungeon.
             The game lasted 00:01:23 (1297 turns).

funnyparkerb the Trooper (Vine Stalker Monk)        Turns: 1297, Time: 00:01:24

Health: -7/20      AC:  3    Str: 13    XL:     3   Next: 2%
Magic:  0/13       EV: 13    Int: 10    God:
Gold:   20         SH:  0    Dex: 18    Spells: 2/2 levels left

rFire   . . .      SeeInvis .   a - +0 dagger
rCold   . . .      Faith    .   (no shield)
rNeg    . . .      Spirit   +   b - +0 robe
rPois   .          Reflect  .   i - +0 helmet
rElec   .          Harm     .   (no cloak)
rCorr   .          Rampage  .   (no gloves)
Will    .....                   (no boots)
Stlth   ++........              (no amulet)
HPRegen 0.06/turn               h - ring of magical power
MPRegen 0.13/turn               (no ring)

@: no status effects
A: fangs 2, magic shield, antimagic bite, no potion heal 2
a: no special abilities


You were on level 2 of the Dungeon.
You visited 1 branch of the dungeon, and saw 2 of its levels.

You collected 20 gold pieces.

Inventory:

Hand Weapons
 a - a +0 dagger (weapon)
Missiles
 e - 8 poisoned darts (quivered)
Armour
 b - a +0 robe (worn)
 i - a +0 helmet (worn)
Jewellery
 h - a ring of magical power (left hand)
Scrolls
 d - 2 scrolls of identify {unknown}
 f - a scroll of blinking {unknown}
Potions
 c - a potion of ambrosia
 g - a potion of resistance {unknown}


   Skills:
 * Level 3.0 Fighting
 * Level 3.0 Short Blades
 * Level 2.7 Dodging
 + Level 2.7 Stealth


You had 2 spell levels left.
You didn't know any spells.
Your spell library contained the following spells:

 Spells                   Type           Power      Damage    Failure   Level
 Shock                    Conj/Air       0%         1d3       36%         1
 Swiftness                Air            0%         N/A       75%         3
 Airstrike                Air            0%         2d(0-16)  98%         4
 Blade Hands              Tmut           0%         N/A       100%        5
 Irradiate                Conj/Tmut      0%         3d11      100%        5
 Summon Forest            Summ/Tloc      0%         N/A       100%        5
 Summon Mana Viper        Hex/Summ       0%         N/A       100%        5
 Summon Cactus Giant      Summ           0%         N/A       100%        6
 Dragon Form              Tmut           0%         N/A       100%        7


Dungeon Overview and Level Annotations

Branches:
Dungeon (2/15)

Altars:


Innate Abilities, Weirdness & Mutations

You have extremely sharp teeth.
When hurt, damage is shared between your health and your magic reserves.
Your bite disrupts and absorbs the magic of your enemies.
Potions cannot restore your health.


Message History

A ball python is nearby!
Found a helmet.
You hit the ball python.
You kill the ball python!
No target in view!
No target in view!
You see here a ball python corpse.
h - a ring of magical power You see here a +0 helmet.
i - a +0 helmet You feel your magic capacity increase.
h - a ring of magical power (left hand)
Okay, then.
Unknown command.
You start putting on your armour.
You continue putting on your +0 helmet. x4
You finish putting on your +0 helmet.
A gnoll comes into view. It is wielding a +0 whip.
Search for what [? for help]? armour A gnoll comes into view.
It is wielding a +0 sling.
The gnoll shouts! x2
The gnoll hits you with a +0 whip.
You hit the gnoll.
The gnoll is moderately wounded.
The gnoll barely misses you.
You hit the gnoll but do no damage. You bite the gnoll. You drain its power.
You feel invigorated.
The gnoll is heavily wounded.
The gnoll shoots a sling bullet.
The sling bullet hits you! The gnoll hits you with a +0 whip.
You are too injured to fight recklessly!
The gnoll shoots a sling bullet.
The sling bullet hits you.
The gnoll shoots a sling bullet.
The sling bullet hits you!
* * * LOW HITPOINT WARNING * * *
The gnoll attacks as you move away! The gnoll misses you.
You see here a ball python corpse.
The gnoll attacks as you move away! The gnoll hits you with a +0 whip.
* * * LOW HITPOINT WARNING * * *
The gnoll attacks as you move away! The gnoll hits you with a +0 whip.
The gnoll attacks as you move away! The gnoll hits you with a +0 whip!
You die...

.#.#.......#.#
#.#...>...#.#####
#................
###..#.#†##.#####
.##..#..g...# ###
..........### #..
..#####...# #.# #.
#.g.# ##### #.# #.@†#
#...###.# #...#
#........
####...#######....####
...............#.#.####
).....>........#.#.##..
...............#.#.##.#
#####...#####.##.#.....
#...# #.........# #...#
########.##


You could see 2 gnolls.

Vanquished Creatures
  A dart slug (D:2)
  3 ball pythons
  2 endoplasms (D:1)
  A giant cockroach (D:1)
  5 goblins (D:1)
  A hobgoblin (D:1)
  2 bats (D:1)
  A frilled lizard (D:2)
  3 kobolds (D:1)
19 creatures vanquished.

Notes
Turn   | Place    | Note
-------+----------+-------------------------------------------
     0 | D:1      | funnyparkerb the Vine Stalker Monk began the quest for the
                  | Orb.
     0 | D:1      | Reached XP level 1. HP: 11/11 MP: 2/2
   157 | D:1      | Reached XP level 2. HP: 16/16 MP: 3/3
  1198 | D:2      | Reached XP level 3. HP: 19/20 MP: 4/4
  1292 | D:2      | HP: 1/20 [gnoll/+0 whip (2)]
  1297 | D:2      | Mangled by a gnoll

Illustrated notes

Levels and vault maps discovered:
D:1:      saegor_arrival_simple_e, layout_basic
D:2:      layout_loops_cross, kennysheep_generic_room_7

Skill      XL: |  1  2 |
---------------+-------+-----
Fighting       | 3 |  3.0
Short Blades   | 3 |  3.0
Dodging        | |  2.7
Stealth        | |  2.7

Action                   || total
-------------------------++-------
Melee: Short sword       ||    10
       Dagger            ||    41
       Bite              ||    13
 Stab: Sleeping          ||     2
Armor: Robe              ||     8
Dodge: Dodged            ||    27
